 Dungeon Crawl Stone Soup version 0.20-a0-1078-g4874019 (webtiles) character file.

8292 Megalobster the Destroyer (level 11, -2/62 HPs)
             Began as a Deep Elf Conjurer on Apr 30, 2017.
             Was a Follower of Vehumet.
             Shot with an arrow by a centaur (6 damage)
             ... on level 10 of the Dungeon.
             The game lasted 01:07:57 (11502 turns).

Megalobster the Destroyer (Deep Elf Conjurer)      Turns: 11502, Time: 01:07:58

Health: -2/62      AC:  7    Str:  5    XL:     11   Next: 8%
Magic:  35/35      EV: 17    Int: 24    God:    Vehumet [*.....]
Gold:   500        SH:  0    Dex: 15    Spells: 9/29 levels left

rFire    + . .     SeeInvis .   s - +2 dagger (holy)
rCold    . . .     Gourm    .   (no shield)
rNeg     . . .     Faith    .   y - +1 robe {rF+}
rPois    +         Spirit   .   (no helmet)
rElec    .         Reflect  .   S - +2 cloak
rCorr    .         Harm     .   L - +0 pair of gloves
MR       +....                  (no boots)
Stlth    +.........             E - amulet of regeneration
Regen    0.6/turn               G - ring of poison resistance
MPRegen  0.3/turn               B - ring of magical power (curse)

@: slowed, glowing, very slow
A: no striking features
a: Renounce Religion


You were on level 10 of the Dungeon.
You worshipped Vehumet.
Vehumet was aware of your devotion.
You were not hungry.

You visited 2 branches of the dungeon, and saw 11 of its levels.

You collected 500 gold pieces.

Inventory:

Hand Weapons
 r - a +0 hunting sling
 s - a +2 dagger of holy wrath (weapon)
Missiles
 d - 264 stones (quivered)
 i - 47 sling bullets
Armour
 t - a +0 shield
 y - a +1 robe of fire resistance (worn)
 L - a +0 pair of gloves (worn)
 S - a +2 cloak (worn)
Magical Staves
 K - an uncursed staff of death
Jewellery
 w - an uncursed ring of protection from fire
 x - an uncursed ring of flight
 B - a cursed ring of magical power (right hand)
 E - an amulet of regeneration (around neck)
 G - a ring of poison resistance (left hand)
Wands
 f - a wand of scattershot (5/9)
 v - a wand of flame (30/48)
 O - a wand of acid (3/15)
Scrolls
 a - 3 scrolls of blinking
 h - 4 scrolls of teleportation
 n - 3 scrolls of recharging
 p - 5 scrolls of remove curse
 q - a scroll of fog {unknown}
 u - a scroll of fear {unknown}
 D - 2 scrolls of enchant armour
 I - a scroll of enchant weapon {unknown}
 J - a scroll of noise {unknown}
 Q - a scroll of immolation {unknown}
Potions
 g - 3 potions of lignification
 l - a potion of heal wounds
 m - 8 potions of curing
 z - a potion of mutation {unknown}
 A - a potion of brilliance
 F - a potion of magic {unknown}
 H - a potion of resistance {unknown}
 P - a potion of degeneration {unknown}
 R - 2 potions of ambrosia {unknown}
Comestibles
 c - 9 bread rations
 k - 6 meat rations


   Skills:
 + Level 4.9 Fighting
 + Level 7.6 Dodging
 - Level 2.4 Stealth
 + Level 4.3 Shields
 + Level 9.8 Spellcasting
 * Level 11.6 Conjurations
 - Level 4.4 Hexes
 - Level 3.1 Translocations
 * Level 4.5 Fire Magic


You had 9 spell levels left.
You knew the following spells:

 Your Spells              Type           Power        Failure   Level  Hunger
a - Magic Dart            Conj           ####         1%          1    None
b - Searing Ray           Conj           ######       1%          2    None
c - Iskenderun's Mystic   Conj           ######..     1%          4    #......
d - Fulminant Prism       Conj/Hex       ######....   1%          4    #......
e - Force Lance           Conj/Tloc      #####...     2%          4    #......
f - Dazzling Spray        Conj/Hex       ######       1%          3    None
g - Flame Tongue          Conj/Fire      #####        1%          1    None
h - Sandblast             Erth           ##....       5%          1    None


Dungeon Overview and Level Annotations

Branches:
Dungeon (10/15)            Temple (1/1) D:7            Lair (0/6) D:9
    Orc: D:9-12

Altars:
Ashenzari
Cheibriados
Dithmenos
Elyvilon
Fedhas
Hepliaklqana
Kikubaaqudgha
Makhleb
Nemelex Xobeh
Okawaru
Qazlal
Sif Muna
Trog
Vehumet
Wu Jian
Xom
Yredelemnul
Zin
The Shining One

Shops:
D:5 *

Annotations:
D:5 North's ghost, novice BaGl
D:10 derval's ghost, novice SpEn


Message History

You are outlined in light.
You are no longer berserk.
You are exhausted.
You feel yourself slow down. The ogre misses you.
You're too confused to move!
The centaur unwields an uncursed shortbow.
The centaur hits you but does no damage.
Derval's ghost hits you.
* * * LOW HITPOINT WARNING * * *
The ogre hits you with a giant club!
* * * LOW HITPOINT WARNING * * *
The centaur hits you.
* * * LOW HITPOINT WARNING * * *
Derval's ghost hits you.
* * * LOW HITPOINT WARNING * * *
You're too confused!
You feel less confused.
The centaur wields an uncursed shortbow.
The centaur shoots an arrow.
The arrow hits you.
You die...

...)#### #...... #.....
#.... #... #.. #..# #..
#..# ###..#######@(#
#............(+
#.........?cWO#
#............(#####.
#...................#
#....<(.(((.........#
........#######........
........# #........
........# #........


You could see an ogre, a centaur and derval's ghost.

Vanquished Creatures
  Erolcha (D:9)
  A two-headed ogre (D:8)
  An ugly thing (D:8)
  Maurice (D:8)
  Psyche (D:9)
  Prince Ribbit (D:8)
  A spriggan (D:7)
  5 yaks (D:9)
  2 basilisks (D:9)
  Grum (D:8)
  The ghost of Wiebster667 the Skirmisher, an amateur OpFi (D:3)
  2 water moccasins
  4 porcupines (D:9)
  3 orc warriors
  A black bear (D:3)
  3 ice beasts
  3 ogres
  3 wolves
  9 centaurs
  A phantom (D:5)
  A crocodile (D:9)
  2 big kobolds
  5 bullfrogs
  Blork the orc (D:4)
  3 howler monkeys
  2 centaur zombies
  2 crimson imps
  4 hounds
  An orc priest (D:5)
  4 jellies
  A quasit (D:7)
  5 orc wizards
  A bullfrog zombie (D:7)
  3 worker ants
  A killer bee zombie (D:8)
  2 hound zombies
  A worker ant zombie (D:9)
  10 adders
  A gnoll (D:5)
  2 oozes
  A worm (D:3)
  2 dart slugs
  8 leopard geckos
  30 orcs
  9 giant cockroaches
  7 goblins
  9 hobgoblins
  6 jackals
  18 kobolds
  5 quokkas
  8 bats
  6 frilled lizards
  A leopard gecko skeleton (D:6)
  A quokka skeleton (D:6)
  8 rats
  3 plants
219 creatures vanquished.

Vanquished Creatures (others)
  41 fulminant prisms
  2 plants (D:9)
43 creatures vanquished.

Grand Total: 262 creatures vanquished

Notes
Turn   | Place    | Note
-------+----------+-------------------------------------------
     0 | D:1      | Megalobster the Deep Elf Conjurer began the quest for the Orb.
     0 | D:1      | Reached XP level 1. HP: 10/10 MP: 6/6
   392 | D:1      | Reached XP level 2. HP: 15/15 MP: 6/8
   396 | D:1      | Learned a level 2 spell: Searing Ray
  1125 | D:2      | Reached skill level 5 in Conjurations
  1125 | D:2      | Reached XP level 3. HP: 19/19 MP: 4/10
  2116 | D:3      | Reached XP level 4. HP: 19/24 MP: 7/12
  2219 | D:3      | Learned a level 4 spell: Iskenderun's Mystic Blast
  2224 | D:3      | Learned a level 4 spell: Fulminant Prism
  2238 | D:3      | Noticed Wiebster667's ghost (amateur OpFi)
  2288 | D:3      | Killed Wiebster667's ghost
  2288 | D:3      | Reached skill level 5 in Spellcasting
  2288 | D:3      | Reached skill level 6 in Conjurations
  2288 | D:3      | Reached XP level 5. HP: 17/28 MP: 4/14
  2419 | D:3      | Noticed a black bear
  2433 | D:3      | Killed a black bear
  2433 | D:3      | Reached XP level 6. HP: 30/32 MP: 8/16
  2641 | D:3      | Learned a level 4 spell: Force Lance
  2818 | D:3      | Reached skill level 1 in Translocations
  3340 | D:4      | Noticed Blork the orc
  3364 | D:4      | Killed Blork the orc
  3364 | D:4      | Reached skill level 7 in Conjurations
  3664 | D:4      | Reached XP level 7. HP: 4/36 MP: 6/17
  4662 | D:5      | Entered Level 5 of the Dungeon
  4714 | D:5      | Found a shattered altar of Ashenzari.
  4716 | D:5      | Found a deep blue altar of Sif Muna.
  4918 | D:5      | Reached skill level 1 in Fighting
  5372 | D:5      | Found Titaes's Assorted Antiques.
  5447 | D:5      | Reached XP level 8. HP: 43/43 MP: 19/19
  5521 | D:5      | Reached skill level 8 in Conjurations
  5603 | D:5      | Found a glowing silver altar of Zin.
  5603 | D:5      | Noticed an angel
  5679 | D:5      | Noticed North's ghost (novice BaGl)
  5769 | D:4      | Learned a level 3 spell: Dazzling Spray
  6426 | D:6      | Reached skill level 1 in Shields
  6529 | D:6      | Reached skill level 9 in Conjurations
  7129 | D:7      | Reached skill level 5 in Dodging
  7129 | D:7      | Reached XP level 9. HP: 49/49 MP: 22/22
  7489 | D:7      | Found a shadowy altar of Dithmenos.
  7645 | D:7      | Found a staircase to the Ecumenical Temple.
  7812 | Temple   | Entered the Ecumenical Temple
  7886 | Temple   | Became a worshipper of Vehumet
  8195 | D:8      | Noticed Maurice
  8202 | D:8      | Noticed Grum
  8421 | D:8      | Noticed Prince Ribbit
  8427 | D:8      | Killed Prince Ribbit
  8619 | D:8      | Noticed a two-headed ogre
  8624 | D:8      | Reached skill level 10 in Conjurations
  8631 | D:8      | Killed a two-headed ogre
  8643 | D:8      | Killed Maurice
  8643 | D:8      | Reached XP level 10. HP: 30/56 MP: 8/24
  9015 | D:8      | Noticed a purple ugly thing
  9025 | D:8      | Killed a purple ugly thing
  9259 | D:8      | Killed Grum
  9407 | D:8      | Reached * piety under Vehumet
  9407 | D:8      | Offered knowledge of Flame Tongue by Vehumet.
  9410 | D:8      | Learned a level 1 spell: Flame Tongue
  9562 | D:9      | Reached skill level 11 in Conjurations
  9678 | D:9      | Reached skill level 1 in Fire Magic
 10345 | D:9      | Noticed Erolcha
 10352 | D:9      | Killed Erolcha
 10689 | D:9      | Found a hazy altar of Hepliaklqana.
 10758 | D:9      | Found a blossoming altar of Fedhas.
 10760 | D:9      | Found a staircase to the Lair.
 10791 | D:9      | Noticed Psyche
 10797 | D:9      | Killed Psyche
 10797 | D:9      | Reached XP level 11. HP: 58/62 MP: 18/26
 10797 | D:9      | Reached ** piety under Vehumet
 10797 | D:9      | Offered knowledge of Sandblast by Vehumet.
 11033 | D:9      | Found a bloodstained altar of Trog.
 11442 | D:9      | Learned a level 1 spell: Sandblast
 11468 | D:10     | Entered Level 10 of the Dungeon
 11468 | D:10     | Noticed derval's ghost (novice SpEn)
 11501 | D:10     | HP: 3/62 [derval's ghost (2)]
 11502 | D:10     | Shot with an arrow by a centaur

Vault maps used:
D:1:      dpeg_arrival_court
D:2:      first_bread
D:3:      grunt_ministairs_6, grunt_decor_cap
D:4:      wad_woods_pond, uniq_blork_the_orc
D:5:      zin_angel, chequers_temple_overflow_statue_of_worship,
          serial_column_ruins, column_ruins_square_medium,
          column_ruins_open_small, column_ruins_open_small,
          column_ruins_open_tiny, column_ruins_open_large,
          column_ruins_open_medium, column_ruins_grid_1, serial_shops, shop
D:6:      minmay_misc_feat_nine_boxes, minmay_stone_trees_small
D:7:      minmay_klotski, overflow_temple_1_default, minmay_temple_entry_hall,
          the_bakery, grunt_ministairs_6, uniq_pikel
D:8:      serial_aquarium, aquarium_bridge_square, aquarium_bridge_square,
          aquarium_window_corridor_2, aquarium_window_fake, aquarium_view_2a,
          aquarium_balcony_3b, uniq_maurice, uniq_prince_ribbit1, uniq_grum
D:9:      kennysheep_mini, lemuel_round_altar, minmay_lair_entry_grove,
          basic_altar, uniq_erolcha, uniq_psyche
Temple:   eino_temple_rhombus

Skill      XL: |  1  2  3  4  5  6  7  8  9 10 |
---------------+-------------------------------+-----
Spellcasting   | 4 5 6 7 8 9 |  9.8
Conjurations   | 5 6 7 9 10 11 | 11.6
Hexes          | 2 3 4 |  4.4
Translocations | 2 3 |  3.1
Fighting       | 1 2 3 4 |  4.9
Dodging        | 3 5 6 7 |  7.6
Shields        | 1 3 4 |  4.3
Fire Magic     | 4 |  4.5
Stealth        | |  2.4

Action                   |  1- 3 |  4- 6 |  7- 9 | 10-12 || total
-------------------------+-------+-------+-------+-------++-------
Melee: Dagger            |       |     8 |    22 |     4 ||    34
 Cast: Magic Dart        |    74 |    39 |    32 |    47 ||   192
       Searing Ray       |     4 |    16 |    43 |    17 ||    80
       Iskenderun's Myst |       |     2 |    13 |    21 ||    36
       Fulminant Prism   |       |     1 |    23 |    17 ||    41
       Force Lance       |       |       |    11 |    10 ||    21
  Use: Potion            |       |     2 |     1 |     2 ||     5
       Scroll            |       |       |     7 |     2 ||     9
  Eat: Chunk             |     3 |     5 |    11 |     6 ||    25
       Royal jelly       |       |     1 |       |     2 ||     3
       Fruit             |       |       |     3 |       ||     3
       Bread ration      |       |       |     1 |       ||     1
Armor: Robe              |     2 |     2 |     5 |     8 ||    17
Dodge: Dodged            |     9 |    31 |    29 |    36 ||   105
